 Dungeon Crawl Stone Soup version 0.16.1-16-gc44b35d (webtiles) character file.

9016 Alarkh the Carver (level 11, -6/72 HPs)
             Began as a High Elf Hunter on Apr 19, 2015.
             Was an Elder of Okawaru.
             Mangled by an orc warrior
             ... wielding a +0 halberd
              (9 damage)
             ... in a bailey.
             The game lasted 00:36:54 (12853 turns).

Alarkh the Carver (High Elf Hunter)                Turns: 12853, Time: 00:36:54

Health: -6/72      AC: 15    Str: 16    XL:     11   Next: 17%
Magic:  22/22      EV:  7    Int: 16    God:    Okawaru [****..]
Gold:   175        SH:  9    Dex: 16    Spells: 0 memorised, 10 levels left

rFire  + + .     SeeInvis +     a - +3 falchion
rCold  . . .     Clarity  .     D - +2 chain mail {rF+}
rNeg   . . .     SustAb   .     t - +0 shield
rPois  .         Gourm    .     M - +1 helmet {SInv}
rElec  .         Spirit   .     K - +0 cloak
rCorr  .         Warding  .     Q - +0 pair of gloves
rMut   .         Stasis   .     (no boots)
MR     +....                    s - amulet of regeneration
Stlth  ..........               m - +2 ring of strength
                                d - ring of protection from fire

@: very slightly contaminated, somewhat resistant to hostile enchantments,
extremely unstealthy
A: no striking features
a: Heroism, Renounce Religion


You were in a bailey.
You worshipped Okawaru.
Okawaru was greatly pleased with you.
You were hungry.

You visited 3 branches of the dungeon, and saw 12 of its levels.
You also visited: Ossuary and Bailey.

You collected 474 gold pieces.
You spent 299 gold pieces at shops.

Inventory:

Hand weapons
 a - a +3 falchion (weapon)
 b - a -2 blowgun
 w - a +2 short sword of freezing
Missiles
 h - a javelin of returning (quivered)
 i - 14 javelins
 r - 3 poisoned needles
 u - 6 javelins of penetration
 P - a throwing net
Armour
 p - a troll hide
 t - a +0 shield (worn)
 D - a +2 chain mail of fire resistance (worn)
 K - a +0 cloak (worn)
 M - a +1 helmet of see invisible (worn)
 Q - a +0 pair of gloves (worn)
Rods
 e - a +0 rod of shadows (11/11)
   (You found it on level 4 of the Dungeon)
Jewellery
 d - a ring of protection from fire (left hand)
 m - a +2 ring of strength (right hand)
 s - an amulet of regeneration (around neck)
 v - an uncursed ring of teleportation
 G - an uncursed ring of wizardry
Magical devices
 f - a wand of fireball (2)
 o - a wand of flame (10)
 y - a wand of magic darts (22)
 I - a wand of flame (23)
 R - a wand of flame (19)
 U - a wand of fireball (4)
Scrolls
 W - a scroll of remove curse
Potions
 c - 4 potions of curing
 g - 3 potions of restore abilities
 k - 2 potions of cancellation
 n - 2 potions of flight
 N - a potion of degeneration
Comestibles
 l - a chunk of flesh
 q - a slice of pizza
 A - 3 bread rations


   Skills:
 + Level 5.5 Fighting
 * Level 13.4 Long Blades
 * Level 8.4 Throwing
 + Level 4.0 Armour
 + Level 5.7 Dodging
 + Level 5.9 Stealth
 + Level 2.8 Shields
 + Level 4.5 Invocations


You had 10 spell levels left.
You didn't know any spells.

Dungeon Overview and Level Annotations

Branches:
Dungeon (9/15)             Temple (0/1) D:6            Lair (1/8) D:8
    Orc (2/4) D:9

Altars:
Ashenzari
Cheibriados
Dithmenos
Elyvilon
Kikubaaqudgha
Nemelex Xobeh
Okawaru
Qazlal
Ru
Sif Muna
Vehumet
Zin
The Shining One

Shops:
D:4 !   D:6 [   Orc:1 !


Message History

* * * LOW HITPOINT WARNING * * *
You hear a splash.
The orc shoots a bolt.
You block the bolt.
You hear a splash.
The orc splashes around in the water.
You see here 2 bolts.
Read which item? (? for menu, Esc to quit)
You can't read that!
Read which item? (? for menu, Esc to quit)
Blink to where?
Press: ? - help, Dir - move target cursor Splash!
You are very lightly contaminated with residual magic.
As you read the scroll of blinking, it crumbles to dust.
You hear a shout!
An orc warrior opens the door.
Drink which item? (? for menu, Esc to quit)
Okay, then.
The orc warrior hits you with a halberd!
You die...

≈≈≈≈≈###≈≈≈(≈≈≈≈#o#
≈#### ####≈(≈≈≈≈≈≈ #
##≈(≈≈≈≈≈ ##≈ ##≈(≈≈≈≈
#≈≈ #((≈≈≈≈ #≈# ##(≈≈≈≈
#≈+ #(≈≈≈≈ #≈### #(≈≈≈≈
#≈@o# #(≈≈≈≈ ≈ #≈###
##≈≈≈≈≈ ≈≈##≈≈ #≈≈≈≈≈≈
≈≈≈≈≈≈≈# ##≈(≈≈≈≈
≈≈≈≈≈≈≈# ##≈(≈≈≈≈≈
≈≈≈≈≈≈o# ##((≈≈≈≈≈≈
#≈≈≈≈≈≈#######(≈≈≈≈≈#o#
#≈≈≈≈≈(((((((≈≈≈≈≈##o#
^oo≈≈≈≈≈≈≈≈≈≈≈≈≈≈≈≈≈o.^.


You could see an orc warrior.

Vanquished Creatures
  The ghost of Watball the Severer, an experienced MiBe of Trog (Bailey)
  An orc knight (Orc:1)
  An orc sorcerer (Orc:1)
  An ugly thing (D:7)
  A troll (D:9)
  A boulder beetle (D:9)
  10 yaks (D:9)
  A trapdoor spider (D:8)
  A hippogriff (D:8)
  4 wargs
  A deep elf fighter (D:9)
  Edmund (D:5)
  A sky beast (D:9)
  7 orc warriors
  An eye of draining (D:8)
  A necrophage (D:8)
  2 ogres
  4 centaurs
  3 crocodiles
  Duvessa (D:4)
  Blork the orc (D:4)
  A wyvern zombie (D:8)
  5 giant frogs
  2 water moccasin zombies (Ossuary)
  2 gnoll sergeants
  5 killer bees
  3 wights (D:8)
  A crimson imp (D:9)
  Dowan (D:4)
  A giant frog zombie (D:8)
  3 jellies
  11 orc priests
  4 hounds
  7 orc wizards
  6 worker ants
  A big kobold zombie (Ossuary)
  Ijyb (D:2)
  Jessica (D:2)
  2 hound skeletons
  3 mummies
  A worker ant zombie (D:5)
  11 gnolls
  9 river rats
  A giant mite (D:1)
  21 adders
  2 worms
  5 adder zombies (Ossuary)
  4 giant geckos
  An ooze (D:3)
  69 orcs
  8 giant cockroaches
  2 gnoll zombies (Ossuary)
  13 hobgoblins
  21 jackals
  A quokka (Lair:1)
  5 ball pythons
  12 bats
  2 giant newts
  13 goblins
  8 hobgoblin zombies (Ossuary)
  13 kobolds
  5 kobold zombies (Ossuary)
  An orc skeleton (Orc:1)
  4 orc zombies (Ossuary)
  3 quokka skeletons
  22 rats
362 creatures vanquished.

Vanquished Creatures (collateral kills)
  Crazy Yiuf (D:4)
  A gnoll (D:4)
2 creatures vanquished.

Vanquished Creatures (others)
  An ogre (D:6)
  A quokka (D:8)
  A goblin (D:6)
  A kobold (D:8)
  A fungus (D:9)
  A plant (D:9)
6 creatures vanquished.

Grand Total: 370 creatures vanquished

Notes
Turn   | Place    | Note
--------------------------------------------------------------
     0 | D:1      | Alarkh, the High Elf Hunter, began the quest for the Orb.
     0 | D:1      | Reached XP level 1. HP: 14/14 MP: 2/2
   487 | D:2      | Reached XP level 2. HP: 13/19 MP: 3/3
   862 | D:2      | Noticed Ijyb
   890 | D:2      | Killed Ijyb
   890 | D:2      | Reached skill level 5 in Throwing
   890 | D:2      | Reached XP level 3. HP: 11/24 MP: 5/5
  1958 | D:1      | Reached XP level 4. HP: 20/30 MP: 7/7
  2813 | D:2      | Noticed Jessica
  2830 | D:2      | Killed Jessica
  2830 | D:2      | Reached skill level 1 in Armour
  3115 | D:2      | Found a sacrificial altar of Ru.
  3200 | D:2      | Reached XP level 5. HP: 19/36 MP: 8/8
  3942 | D:2      | Reached skill level 1 in Long Blades
  4426 | D:3      | Found an iron altar of Okawaru.
  4441 | D:3      | Became a worshipper of Warmaster Okawaru
  4546 | D:3      | Found an ancient bone altar of Kikubaaqudgha.
  4640 | D:3      | Found a snail-covered altar of Cheibriados.
  4960 | D:4      | Noticed Blork the orc
  4973 | D:5      | Entered Level 5 of the Dungeon
  5110 | D:5      | Found a shadowy altar of Dithmenos.
  5320 | D:5      | Found a glowing golden altar of the Shining One.
  5438 | D:5      | Reached XP level 6. HP: 25/41 MP: 10/10
  5575 | D:5      | Noticed Edmund
  5601 | D:5      | Killed Edmund
  5601 | D:5      | Acquired Okawaru's first power
  5601 | D:5      | Reached skill level 5 in Long Blades
  5677 | D:5      | Reached skill level 6 in Long Blades
  5728 | D:5      | Found a deep blue altar of Sif Muna.
  5928 | D:5      | Reached XP level 7. HP: 45/45 MP: 12/12
  6243 | D:4      | Killed Blork the orc
  6243 | D:4      | Reached skill level 7 in Long Blades
  6282 | D:4      | Found a shattered altar of Ashenzari.
  6299 | D:4      | Noticed Duvessa
  6300 | D:4      | Noticed Dowan
  6320 | D:4      | Killed Duvessa
  6348 | D:4      | Killed Dowan
  6456 | D:4      | Found Joisudyf's Distillery.
  6478 | D:4      | Bought a potion of berserk rage for 70 gold pieces
  6478 | D:4      | Bought a potion of invisibility for 112 gold pieces
  6591 | D:4      | Found a glowing silver altar of Zin.
  6653 | D:4      | Identified a +0 rod of shadows (11/11) (You found it on level 4 of the Dungeon)
  6661 | D:4      | Reached skill level 8 in Long Blades
  6827 | D:4      | Noticed Crazy Yiuf
  6834 | D:4      | Killed Crazy Yiuf
  7018 | D:5      | Got a heavily jewelled robe
  7029 | D:5      | Identified the +0 robe "Kluetrylo" {-Cast -Tele rPois rN+ Int+4} (You found it on level 5 of the Dungeon)
  7573 | D:6      | Found Paokoxka's Antique Armour Emporium.
  7584 | D:6      | Bought a shiny helmet for 117 gold pieces
  7613 | D:6      | Reached skill level 9 in Long Blades
  7649 | D:6      | Found a stormy altar of Qazlal.
  7703 | D:6      | Found a staircase to the Ecumenical Temple.
  8113 | D:7      | Reached XP level 8. HP: 46/51 MP: 13/13
  8211 | D:7      | Reached skill level 10 in Long Blades
  8239 | D:7      | Noticed a red ugly thing
  8247 | D:7      | Killed a red ugly thing
  8247 | D:7      | Reached skill level 11 in Long Blades
  8544 | D:6      | Reached skill level 1 in Invocations
  8712 | D:7      | Reached XP level 9. HP: 56/56 MP: 16/16
  8871 | D:9      | Reached skill level 12 in Long Blades
  8884 | D:9      | Reached skill level 1 in Shields
  9112 | D:8      | Found a sand-covered staircase.
  9123 | Ossuary  | Entered an ossuary
  9502 | D:8      | Found a staircase to the Lair.
  9542 | D:8      | Found a sparkling altar of Nemelex Xobeh.
  9579 | D:8      | Found a white marble altar of Elyvilon.
  9597 | D:8      | Reached XP level 10. HP: 52/65 MP: 0/20
  9658 | D:8      | Found a radiant altar of Vehumet.
 10408 | Lair:1   | Entered Level 1 of the Lair of Beasts
 11115 | D:9      | Reached skill level 5 in Dodging
 11115 | D:9      | Reached skill level 5 in Stealth
 11129 | D:9      | Acquired Okawaru's second power
 11344 | D:8      | Reached skill level 5 in Fighting
 11914 | D:9      | Reached skill level 13 in Long Blades
 12024 | D:9      | Found a staircase to the Lair.
 12110 | D:9      | Found a staircase to the Orcish Mines.
 12230 | Orc:1    | Entered Level 1 of the Orcish Mines
 12254 | Orc:1    | Noticed an orc knight
 12350 | Orc:1    | Killed an orc knight
 12350 | Orc:1    | Received a gift from Okawaru
 12364 | Orc:1    | Noticed an orc knight
 12437 | D:9      | Reached XP level 11. HP: 27/72 MP: 22/22
 12547 | Orc:1    | Noticed an orc sorcerer
 12603 | Orc:1    | Killed an orc sorcerer
 12640 | Orc:1    | Found Pharyiby's Distillery.
 12708 | Orc:1    | Received a gift from Okawaru
 12721 | Orc:1    | Found a flagged portal.
 12749 | Bailey   | Entered a bailey
 12764 | Bailey   | Noticed Watball's ghost (experienced MiBe)
 12804 | Bailey   | Killed Watball's ghost
 12851 | Bailey   | HP: 1/72 [orc/bolt (8)]
 12853 | Bailey   | Mangled by an orc warrior

Action                   |  1- 3 |  4- 6 |  7- 9 | 10-12 || total
-------------------------+-------+-------+-------+-------++-------
Melee: Short sword       |   168 |   133 |       |    80 ||   381
       Falchion          |       |   203 |   542 |   650 ||  1395
       Unarmed           |       |    14 |       |       ||    14
       Long sword        |       |       |   152 |       ||   152
 Fire: Blowgun           |       |       |       |    27 ||    27
Throw: Javelin           |     4 |     6 |     3 |    24 ||    37
       Throwing net      |       |       |     9 |     1 ||    10
Invok: Heroism           |       |     1 |     6 |     7 ||    14
       Finesse           |       |       |       |     1 ||     1
Evoke: Rod               |       |       |     5 |     2 ||     7
  Use: Scroll            |     1 |     7 |    15 |     5 ||    28
       Potion            |       |     6 |     8 |     3 ||    17
 Stab: Sleeping          |     1 |     1 |       |       ||     2
       Held in net/web   |       |       |     3 |       ||     3
       Distracted        |       |       |     1 |       ||     1
       Invisible         |       |       |    14 |       ||    14
  Eat: Chunk             |     3 |    10 |    15 |    17 ||    45
       Bread ration      |       |     1 |     1 |       ||     2
       Fruit             |       |       |     3 |       ||     3
